PA
GWINNETT COUNTY BLACK CATS @ SOUTH BEACH BLAZE
08/24/2023
 
TOP OF THE 1ST
Gwinnett County Black Cats batting - Pitching for South Beach Blaze : LHP Leoncio Ulibarri
Pitching: LHP Leoncio Ulibarri
Batting: RHB Aaron Taylor 0-0: Foul Ball, location: 2F
0-1: Swinging Strike
0-2: Strikes out swinging
Batting: RHB Vicente Espinoza 0-0: Ground out 6-3 (Groundball, 6)
Batting: LHB Jorge Borbón 0-0: Ball
1-0: Ball
2-0: Ball
3-0: Called Strike
3-1: DOUBLE (Line Drive, 89M)
Batting: LHB Willis Baker 0-0: Ball
1-0: Called Strike
1-1: Foul Ball, location: 2F
1-2: Ball
2-2: Strikes out swinging
Top of the 1st over - 0 run(s), 1 hit(s), 0 error(s), 1 left on base; Gwinnett County 0 - South Beach 0
BOTTOM OF THE 1ST
South Beach Blaze batting - Pitching for Gwinnett County Black Cats : LHP John Orton
Pitching: LHP John Orton
Batting: LHB Jesús Reyes 0-0: Called Strike
0-1: Ground out 6-3 (Groundball, 6M)
Batting: SHB José Rico 0-0: Ball
1-0: SINGLE (Line Drive, 7LS)
Batting: LHB Miguel Pacheco 0-0: Swinging Strike
0-1: Ball
1-1: Called Strike
1-2: Fly out, F9 (Flyball, 9D)
Batting: RHB Gerjan de Best 0-0: Ball
1-0: Called Strike
1-1: SINGLE (Groundball, 56D) (infield hit)
José Rico to second
Batting: RHB Wade Killefer 0-0: Ball
1-0: Ball
2-0: Fly out, F3 (Popup, 23F)
Bottom of the 1st over - 0 run(s), 2 hit(s), 0 error(s), 2 left on base; Gwinnett County 0 - South Beach 0
TOP OF THE 2ND
Gwinnett County Black Cats batting - Pitching for South Beach Blaze : LHP Leoncio Ulibarri
Batting: RHB John Townsend 0-0: Called Strike
0-1: Foul Ball, location: 2F
0-2: Ball
1-2: Fly out, F9 (Flyball, 9M)
Batting: RHB Addie Kattenberg 0-0: Foul Ball, location: 2F
0-1: Swinging Strike
0-2: Ball
1-2: Ball
2-2: Ball
3-2: Strikes out swinging
Batting: LHB Jace McNulty 0-0: Ball
1-0: Fly out, F7 (Flyball, 8LS)
Top of the 2nd over - 0 run(s), 0 hit(s), 0 error(s), 0 left on base; Gwinnett County 0 - South Beach 0
BOTTOM OF THE 2ND
South Beach Blaze batting - Pitching for Gwinnett County Black Cats : LHP John Orton
Batting: LHB Tomás Mejía 0-0: Reached on error, E4 (Groundball, 4D)
Batting: LHB Raúl Zamora 0-0: Ball
1-0: Ball
2-0: Ball
3-0: Called Strike
3-1: Grounds into double play, U6-3 (Groundball, 6)
Batting: LHB Joe Sutton 0-0: Called Strike
0-1: Foul Ball, location: 2F
0-2: Ball
1-2: Strikes out swinging
Bottom of the 2nd over - 0 run(s), 0 hit(s), 1 error(s), 0 left on base; Gwinnett County 0 - South Beach 0
TOP OF THE 3RD
Gwinnett County Black Cats batting - Pitching for South Beach Blaze : LHP Leoncio Ulibarri
Batting: RHB Clarence Weber 0-0: Called Strike
0-1: Swinging Strike
0-2: Ball
1-2: Strikes out swinging
Batting: RHB Luis Guerrero 0-0: Called Strike
0-1: Ball
1-1: Foul Ball, location: 2F
1-2: Foul Ball, location: 2F
1-2: Ball
2-2: Ball
3-2: SINGLE (Groundball, 6M)
Batting: RHB Aaron Taylor 0-0: Called Strike
Luis Guerrero is caught stealing 2nd base
0-1: Ball
1-1: Swinging Strike
1-2: Strikes out swinging
Top of the 3rd over - 0 run(s), 1 hit(s), 0 error(s), 0 left on base; Gwinnett County 0 - South Beach 0
BOTTOM OF THE 3RD
South Beach Blaze batting - Pitching for Gwinnett County Black Cats : LHP John Orton
Batting: RHB Nick Ross 0-0: Called Strike
0-1: Foul Ball, location: 2F
0-2: Ground out 1-3 (Groundball, 23)
Batting: LHB Jesús Reyes 0-0: Ball
1-0: Ground out 2-3 (Groundball, 2R)
Batting: SHB José Rico 0-0: Foul Ball, location: 2F
0-1: Ball
1-1: Called Strike
1-2: Strikes out swinging
Bottom of the 3rd over - 0 run(s), 0 hit(s), 0 error(s), 0 left on base; Gwinnett County 0 - South Beach 0
TOP OF THE 4TH
Gwinnett County Black Cats batting - Pitching for South Beach Blaze : LHP Leoncio Ulibarri
Batting: RHB Vicente Espinoza 0-0: Ball
1-0: Foul Ball, location: 2F
1-1: Ball
2-1: Ball
3-1: Called Strike
3-2: Strikes out swinging
Batting: LHB Jorge Borbón 0-0: Called Strike
0-1: Foul Ball, location: 2F
0-2: Foul Ball, location: 2F
0-2: Foul Ball, location: 2F
0-2: Strikes out swinging
Batting: LHB Willis Baker 0-0: Called Strike
0-1: Ball
1-1: Ball
2-1: Foul Ball, location: 2F
2-2: Foul Ball, location: 2F
2-2: Strikes out swinging
Top of the 4th over - 0 run(s), 0 hit(s), 0 error(s), 0 left on base; Gwinnett County 0 - South Beach 0
BOTTOM OF THE 4TH
South Beach Blaze batting - Pitching for Gwinnett County Black Cats : LHP John Orton
Batting: LHB Miguel Pacheco 0-0: SINGLE (Flyball, 8LS)
Batting: RHB Gerjan de Best 0-0: Ball
1-0: Called Strike
1-1: Ball
2-1: Ball
3-1: Called Strike
3-2: Base on Balls
Miguel Pacheco to second
Batting: RHB Wade Killefer 0-0: Foul Ball, location: 2F
0-1: Ball
1-1: Ball
2-1: Ball
3-1: Base on Balls
Miguel Pacheco to third
Gerjan de Best to second
Batting: LHB Tomás Mejía 0-0: GRAND SLAM HOME RUN (Flyball, 9D), Distance : 396 ft
Batting: LHB Raúl Zamora 0-0: Ball
1-0: Foul Ball, location: 2F
1-1: Ball
2-1: SINGLE (Flyball, 8LS) - OUT at second base trying to stretch hit.
Batting: LHB Joe Sutton 0-0: Ball
1-0: Foul Ball, location: 2F
1-1: Swinging Strike
1-2: Ball
2-2: SINGLE (Groundball, 34)
Batting: RHB Nick Ross 0-0: Ball
1-0: Swinging Strike
1-1: Ball
2-1: Grounds into double play, 1-6-3 (Groundball, 23)
Bottom of the 4th over - 4 run(s), 4 hit(s), 0 error(s), 0 left on base; Gwinnett County 0 - South Beach 4
TOP OF THE 5TH
Gwinnett County Black Cats batting - Pitching for South Beach Blaze : LHP Leoncio Ulibarri
Batting: RHB John Townsend 0-0: Called Strike
0-1: Ground out 5-3 (Groundball, 5L)
Batting: RHB Addie Kattenberg 0-0: Ball
1-0: Ball
2-0: Foul Ball, location: 2F
2-1: Foul Ball, location: 2F
2-2: Strikes out swinging
Batting: LHB Jace McNulty 0-0: SINGLE (Line Drive, 56)
Batting: RHB Clarence Weber 0-0: Foul Ball, location: 2F
0-1: Ball
1-1: Ball
2-1: Foul Ball, location: 2F
2-2: Foul Ball, location: 2F
2-2: Ball
3-2: SINGLE (Line Drive, 4D)
Jace McNulty to second
Jace McNulty to third
Batting: RHB Luis Guerrero 0-0: Ball
1-0: Swinging Strike
1-1: Foul Ball, location: 2F
1-2: Fly out, F7 (Flyball, 78M)
Top of the 5th over - 0 run(s), 2 hit(s), 0 error(s), 2 left on base; Gwinnett County 0 - South Beach 4
BOTTOM OF THE 5TH
South Beach Blaze batting - Pitching for Gwinnett County Black Cats : LHP John Orton
Batting: LHB Jesús Reyes 0-0: Swinging Strike
0-1: Foul Ball, location: 2F
0-2: Strikes out looking
Batting: SHB José Rico 0-0: Foul Ball, location: 2F
0-1: Called Strike
0-2: Ball
1-2: Fly out, F7 (Flyball, 78M)
Batting: LHB Miguel Pacheco 0-0: Ball
1-0: Swinging Strike
1-1: Ball
2-1: Foul Ball, location: 2F
2-2: Ball
3-2: Base on Balls
Batting: RHB Gerjan de Best 0-0: Called Strike
0-1: Fielders Choice at 2nd, 5-4 (Groundball, 56)
Bottom of the 5th over - 0 run(s), 0 hit(s), 0 error(s), 0 left on base; Gwinnett County 0 - South Beach 4
TOP OF THE 6TH
Gwinnett County Black Cats batting - Pitching for South Beach Blaze : LHP Leoncio Ulibarri
Batting: RHB Aaron Taylor 0-0: Called Strike
0-1: Swinging Strike
0-2: Ball
1-2: Foul Ball, location: 2F
1-2: Strikes out swinging
Batting: RHB Vicente Espinoza 0-0: Fly out, F8 (Flyball, 8LS)
Batting: LHB Jorge Borbón 0-0: Called Strike
0-1: Ball
1-1: Ball
2-1: Swinging Strike
2-2: Fly out, F7 (Flyball, 7M)
Top of the 6th over - 0 run(s), 0 hit(s), 0 error(s), 0 left on base; Gwinnett County 0 - South Beach 4
BOTTOM OF THE 6TH
South Beach Blaze batting - Pitching for Gwinnett County Black Cats : LHP John Orton
Batting: RHB Wade Killefer 0-0: Called Strike
0-1: Hit by Pitch
Batting: LHB Tomás Mejía 0-0: Ball
1-0: Swinging Strike
Wade Killefer is caught stealing 2nd base
1-1: Ball
2-1: Called Strike
2-2: Ball
3-2: Base on Balls
Batting: LHB Raúl Zamora 0-0: Ball
1-0: Foul Ball, location: 2F
1-1: Ball
2-1: DOUBLE (Flyball, 78D)
Tomás Mejía to third
Batting: LHB Joe Sutton 0-0: Ball
1-0: Ball
2-0: Called Strike
2-1: SINGLE (Groundball, 56D)
Tomás Mejía scores
Raúl Zamora to third
Runner from 3rd tries for Home, throw and OUT!
Joe Sutton to second
Batting: RHB Nick Ross 0-0: Ball
1-0: Foul Ball, location: 2F
1-1: Ground out 2-3 (Groundball, 25)
Bottom of the 6th over - 1 run(s), 2 hit(s), 0 error(s), 1 left on base; Gwinnett County 0 - South Beach 5
TOP OF THE 7TH
Gwinnett County Black Cats batting - Pitching for South Beach Blaze : LHP Leoncio Ulibarri
Batting: LHB Willis Baker 0-0: Ball
1-0: Fly out, F8 (Flyball, 8RXD)
Batting: RHB John Townsend 0-0: Ball
1-0: Ball
2-0: Ball
3-0: Called Strike
3-1: Called Strike
3-2: Foul Ball, location: 2F
3-2: Strikes out swinging
Batting: RHB Addie Kattenberg 0-0: Called Strike
0-1: Foul Ball, location: 2F
0-2: Ball
1-2: Foul Ball, location: 2F
1-2: Fly out, F1 (Line Drive, 13S)
Top of the 7th over - 0 run(s), 0 hit(s), 0 error(s), 0 left on base; Gwinnett County 0 - South Beach 5
BOTTOM OF THE 7TH
South Beach Blaze batting - Pitching for Gwinnett County Black Cats : LHP John Orton
Batting: LHB Jesús Reyes 0-0: Ground out 4-3 (Groundball, 4)
Batting: SHB José Rico 0-0: Ball
1-0: Ball
2-0: Called Strike
2-1: Foul Ball, location: 2F
2-2: SINGLE (Line Drive, 78M)
Batting: LHB Miguel Pacheco 0-0: Ball
1-0: Foul Ball, location: 2F
1-1: Swinging Strike
1-2: Foul Ball, location: 2F
1-2: Ball
2-2: Strikes out looking
Batting: RHB Gerjan de Best 0-0: Called Strike
0-1: Foul Ball, location: 2F
0-2: Foul Ball, location: 2F
0-2: Ball
1-2: Ball
2-2: SINGLE (Groundball, 13S) (infield hit)
José Rico to second
Batting: RHB Wade Killefer 0-0: Ball
1-0: Ball
2-0: Fly out, F9 (Flyball, 89M)
Bottom of the 7th over - 0 run(s), 2 hit(s), 0 error(s), 2 left on base; Gwinnett County 0 - South Beach 5
TOP OF THE 8TH
Gwinnett County Black Cats batting - Pitching for South Beach Blaze : LHP Leoncio Ulibarri
Batting: LHB Jace McNulty 0-0: Ball
1-0: Called Strike
1-1: Ball
2-1: Fly out, F3 (Line Drive, 3)
Batting: RHB Clarence Weber 0-0: Ball
1-0: Foul Ball, location: 2F
1-1: Called Strike
1-2: Ball
2-2: Foul Ball, location: 2F
2-2: Foul Ball, location: 2F
2-2: SINGLE (Flyball, 89S)
Batting: RHB Luis Guerrero 0-0: Swinging Strike
0-1: Ball
1-1: Fly out, F6 (Line Drive, 6)
Batting: RHB Aaron Taylor 0-0: Ball
1-0: Ball
2-0: Called Strike
2-1: Ball
3-1: Base on Balls
Clarence Weber to second
Pitching: RHP Mario Pérez
Batting: RHB Vicente Espinoza 0-0: Ball
1-0: Ball
2-0: Fly out, F9 (Line Drive, 89S)
Top of the 8th over - 0 run(s), 1 hit(s), 0 error(s), 2 left on base; Gwinnett County 0 - South Beach 5
BOTTOM OF THE 8TH
South Beach Blaze batting - Pitching for Gwinnett County Black Cats : LHP John Orton
Pitching: LHP Santiago Gómez
Batting: LHB Tomás Mejía 0-0: Ball
1-0: Called Strike
1-1: Fly out, F5 (Popup, 5SF)
Batting: LHB Raúl Zamora 0-0: Ball
1-0: SINGLE (Flyball, 7S)
Batting: LHB Joe Sutton 0-0: Ball
1-0: Swinging Strike
1-1: Foul Ball, location: 2F
1-2: Ball
2-2: Foul Ball, location: 2F
2-2: Foul Ball, location: 2F
2-2: Ball
3-2: SINGLE (Groundball, 4MD)
Raúl Zamora to second
Runner from 2nd tries for 3rd, OUT!
Joe Sutton to second
Batting: RHB Nick Ross 0-0: Called Strike
0-1: Ball
1-1: Fly out, F4 (Popup, 4MD)
Bottom of the 8th over - 0 run(s), 2 hit(s), 0 error(s), 1 left on base; Gwinnett County 0 - South Beach 5
TOP OF THE 9TH
Gwinnett County Black Cats batting - Pitching for South Beach Blaze : RHP Mario Pérez
Batting: LHB Jorge Borbón 0-0: Called Strike
0-1: Called Strike
0-2: Strikes out swinging
Batting: LHB Willis Baker 0-0: Called Strike
0-1: Ball
1-1: SINGLE (Groundball, 6MD)
Batting: RHB John Townsend 0-0: Foul Ball, location: 2F
0-1: Grounds into double play, 6-4-3 (Groundball, 6)
Top of the 9th over - 0 run(s), 1 hit(s), 0 error(s), 0 left on base; Gwinnett County 0 - South Beach 5
This league is powered by Out of the Park Baseball, the baseball management simulation game for PC, Mac and Linux
Friday, July 8th, 2016 - OOTP Baseball 16.9 Build 39